 Dungeon Crawl Stone Soup version 0.30.1-11-g7821555f0a (webtiles) character file.

Game seed: 362343688219650687

2230 monsoonserge the Ruffian (level 9, -1/89 HPs)
             Began as a Troll Fighter on Nov 15, 2023.
             Was a Follower of Wu Jian.
             Slain by an enormous slime creature (4 damage)
             ... on level 8 of the Dungeon.
             The game lasted 00:16:06 (5231 turns).

monsoonserge the Ruffian (Troll Fighter)            Turns: 5231, Time: 00:16:06

Health: -1/89      AC:  4    Str: 26    XL:     9   Next: 14%
Magic:  8/8        EV: 10    Int:  8    God:    Wu Jian [*.....]
Gold:   312        SH: 10    Dex: 15    Spells: 8/8 levels left

rFire   . .          .
                       - Unarmed
rCold   . . .        b - +0 kite shield
rNeg    . . .        a - +0 robe
rPois   .            (helmet restricted)
rElec   .            (no cloak)
rCorr   .            (gloves unavailable)
SInv    .            (boots unavailable)
Will    .....        r - amulet of regeneration
Stlth   +            H - +6 ring of dexterity
HPRegen 1.94/turn    (no ring)
MPRegen 0.11/turn

%: no passive effects
@: mighty
A: large, unfitting armour, claws 3, regeneration 1, shaggy fur 1, tough skin 1
a: Renounce Religion


You were on level 8 of the Dungeon.
You worshipped Wu Jian.
Wu Jian was aware of your devotion.
You visited 2 branches of the dungeon, and saw 9 of its levels.

You collected 427 gold pieces.
You spent 115 gold pieces at shops.

Inventory:

Missiles
 n - 2 boomerangs
 u - 5 poisoned darts (quivered)
 x - 6 datura-tipped darts
 K - a throwing net
 L - a curare-tipped dart
Armour
 a - a +0 robe (worn)
 b - a +0 kite shield (worn)
Magical Staves
 G - the staff of conjuration "Codoalie" {rPois rC+ Str-3}
   (You found it on level 6 of the Dungeon)

   [staff of conjuration]

   Base accuracy: +5 Base damage: 5 Base attack delay: 1.2 This weapon's minimum
   attack delay (0.6) is reached at skill level 12.
   Str:       It affects your strength (-3).
   rC:        It protects you from cold.
   rPois:     It protects you from poison.
   It falls into the 'Staves' category.
   It is a one-clawed weapon.
Jewellery
 r - an amulet of regeneration (around neck)
 A - a ring of magical power
 B - the ring "Kouwena" {rC- rCorr MP+9 Str-4 Int+9}
   (You found it on level 5 of the Dungeon)

   [ring of magical power]

   Str:       It affects your strength (-4).
   Int:       It affects your intelligence (+9).
   rC:        It makes you vulnerable to cold.
   MP:        It affects your magic capacity (+9).
   rCorr:     It protects you from acid and corrosion.
 H - a +6 ring of dexterity (left claw)
 M - an amulet of magic regeneration
Wands
 y - a wand of acid (1)
 I - a wand of charming (7)
Scrolls
 d - 5 scrolls of teleportation
 f - 3 scrolls of immolation {unknown}
 i - a scroll of fear {unknown}
 k - 2 scrolls of blinking {unknown}
 o - a scroll of amnesia {unknown}
 q - 2 scrolls of torment {unknown}
 t - 3 scrolls of identify {unknown}
 v - a scroll of summoning
 C - a scroll of magic mapping {unknown}
 E - a scroll of poison {unknown}
 F - a scroll of brand weapon {unknown}
Potions
 e - 8 potions of curing {unknown}
 g - a potion of berserk rage {unknown}
 h - 3 potions of attraction {unknown}
 j - 2 potions of mutation {unknown}
 l - 4 potions of heal wounds {unknown}
 m - a potion of brilliance {unknown}
 p - 2 potions of invisibility {unknown}
 s - 4 potions of lignification {unknown}
 w - a potion of resistance {unknown}
 z - 4 potions of haste {unknown}
 D - 2 potions of magic {unknown}
 J - 2 potions of flight {unknown}


   Skills:
 + Level 6.2 Fighting
 + Level 3.2 Dodging
 + Level 6.8 Shields
 + Level 7.1 Unarmed Combat


You had 8 spell levels left.
You didn't know any spells.
Your spell library contained the following spells:

 Spells                   Type           Power      Damage    Failure   Level
 Beastly Appendage        Tmut           0%         N/A       63%         1
 Slow                     Hex            0%         N/A       63%         1
 Lesser Beckoning         Tloc           0%         N/A       77%         2
 Wereblood                Tmut           0%         N/A       77%         2
 Confusing Touch          Hex            0%         N/A       94%         3
 Frozen Ramparts          Ice            0%         1d1       94%         3
 Gell's Gravitas          Tloc           0%         N/A       94%         3
 Ozocubu's Armour         Ice            0%         N/A       94%         3
 Spider Form              Tmut/Pois      0%         N/A       94%         3
 Teleport Other           Tloc           0%         N/A       94%         3
 Vampiric Draining        Necr           0%         2d6       94%         3
 Ice Form                 Ice/Tmut       0%         N/A       100%        4
 Summon Ice Beast         Ice/Summ       0%         N/A       100%        4
 Ozocubu's Refrigeration  Ice            0%         4d7       100%        7


Dungeon Overview and Level Annotations

Branches:
Dungeon (8/15)             Temple (1/1) D:6
   Lair: D:8-11

Altars:
Ashenzari
Cheibriados
Dithmenos
Elyvilon
Fedhas
Gozag
Hepliaklqana
Kikubaaqudgha
Makhleb
Nemelex Xobeh
Okawaru
Qazlal
Ru
Sif Muna
Trog
Uskayaw
Vehumet
Wu Jian
Xom
Yredelemnul
Zin
The Shining One

Shops:
D:3 ?


Innate Abilities, Weirdness & Mutations

You are too large for most types of armour.
You have claws for hands.
Your natural rate of healing is unusually fast.
You are covered in fur. (AC +1)
You have tough skin. (AC +1)


Message History

Unknown command.
Aiming: Corrosive Bolt
Press: ? - help, Shift-Dir - straight line, f - enormous slime creature
Aim: an enormous slime creature (heavily wounded, covered in acid, 94% to hit)
The bolt of acid hits the enormous slime creature!
The enormous slime creature seems to be corroded for longer.
The enormous slime creature is heavily wounded.
Aiming: Corrosive Bolt
Press: ? - help, Shift-Dir - straight line, f/p - enormous slime creature
Aim: an enormous slime creature (heavily wounded, covered in acid, 94% to hit)
The bolt of acid hits the enormous slime creature!
The enormous slime creature seems to be corroded for longer.
The enormous slime creature is heavily wounded.
You block the enormous slime creature's attack.
You feel very mighty all of a sudden. The enormous slime creature hits you!
You barely miss the enormous slime creature.
The enormous slime creature is heavily wounded.
The enormous slime creature barely misses you.
You barely miss the enormous slime creature.
The enormous slime creature is heavily wounded.
The enormous slime creature hits you.
You scratch the enormous slime creature.
The enormous slime creature is severely wounded.
The enormous slime creature barely misses you.
You completely miss the enormous slime creature.
The enormous slime creature is severely wounded.
You block the enormous slime creature's attack.
You claw the enormous slime creature!
The enormous slime creature is severely wounded.
The enormous slime creature hits you!!!
* * * LOW HITPOINT WARNING * * *
You claw the enormous slime creature!
The enormous slime creature is severely wounded.
The enormous slime creature hits you!
* * * LOW HITPOINT WARNING * * *
You barely miss the enormous slime creature.
The enormous slime creature is severely wounded.
The enormous slime creature hits you.
You die...

#.†.......# #.#
#.......### #.#
#.##.##.# #.# #.##...J#
#.# #.#####.# #.#
#.#####.# #.# #.......#
#######.#
#######.########.......#
#...J@.....#######
############


You could see an enormous slime creature (corroded).

Vanquished Creatures
  Sigmund (D:5)
  A slime creature (D:8)
  A wyvern (D:7)
  2 black bears
  2 ogres
  A centaur (D:8)
  A kobold brigand (D:7)
  2 scorpions (D:5)
  3 wights
  7 killer bees
  2 howler monkeys (D:8)
  A gnoll bouda (D:7)
  4 hounds
  An orc priest (D:5)
  4 iguanas
  3 orc wizards
  10 gnolls
  7 adders
  2 worms (D:2)
  4 dart slugs
  7 orcs
  6 ball pythons
  6 endoplasms
  5 giant cockroaches
  4 goblins
  6 hobgoblins
  3 jackals (D:4)
  3 quokkas (D:2)
  10 bats
  5 frilled lizards
  11 kobolds
  7 rats
132 creatures vanquished.

Vanquished Creatures (others)
  A killer bee (D:8)
1 creature vanquished.

Grand Total: 133 creatures vanquished

Notes
Turn   | Place    | Note
-------+----------+-------------------------------------------
     0 | D:1      | monsoonserge the Troll Fighter began the quest for the Orb.
     0 | D:1      | Reached XP level 1. HP: 22/22 MP: 0/0
   147 | D:1      | Reached XP level 2. HP: 29/29 MP: 1/1
  1003 | D:2      | Reached XP level 3. HP: 36/36 MP: 2/2
  1532 | D:2      | Reached XP level 4. HP: 44/44 MP: 3/3
  1820 | D:3      | Found a snail-covered altar of Cheibriados.
  1820 | D:3      | Found a burning altar of Makhleb.
  1924 | D:3      | Found The Oracle's Delphic Readings.
  1928 | D:3      | Bought a scroll of noise for 11 gold pieces
  1928 | D:3      | Bought a scroll of summoning for 104 gold pieces
  2350 | D:4      | Reached skill level 3 in Unarmed Combat
  2391 | D:4      | Noticed a black bear
  2405 | D:4      | Killed a black bear
  2406 | D:4      | Reached XP level 5. HP: 41/53 MP: 4/4
  2906 | D:5      | Entered Level 5 of the Dungeon
  2951 | D:5      | Noticed Sigmund
  2961 | D:5      | Killed Sigmund
  2962 | D:5      | Reached skill level 4 in Unarmed Combat
  2962 | D:5      | Reached XP level 6. HP: 57/62 MP: 5/5
  3031 | D:5      | Reached XP level 7. HP: 61/70 MP: 6/6
  3267 | D:5      | Identified the ring "Kouwena" {rC- rCorr MP+9 Str-4 Int+9}
  3309 | D:5      | Reached skill level 5 in Shields
  3309 | D:5      | Reached skill level 5 in Unarmed Combat
  3570 | D:6      | Reached XP level 8. HP: 71/79 MP: 7/7
  3772 | D:6      | Reached skill level 5 in Fighting
  3780 | D:6      | Found a staircase to the Ecumenical Temple.
  3788 | Temple   | Entered the Ecumenical Temple
  3970 | Temple   | Became a worshipper of the Wu Jian Council
  4059 | D:6      | Identified the staff of conjuration "Codoalie" {rPois rC+
                  | Str-3}
  4353 | D:7      | Reached skill level 6 in Unarmed Combat
  5059 | D:8      | Reached * piety under Wu Jian
  5075 | D:8      | Reached XP level 9. HP: 40/89 MP: 8/8
  5091 | D:7      | Reached skill level 7 in Unarmed Combat
  5230 | D:8      | HP: 1/89 [enormous slime creature (14)]
  5231 | D:8      | Slain by an enormous slime creature

Illustrated notes

Levels and vault maps discovered:
D:1:      nzn_arrival_crosshair, layout_basic, minivault_26, minmay_octomino_e4
D:2:      layout_basic, serial_rivers, chequers_serial_rivers_micro_e,
          chequers_serial_rivers_small_b, chequers_serial_rivers_micro_c,
          chequers_serial_rivers_micro_d, chequers_serial_rivers_micro_d
D:3:      layout_basic, chequers_temple_overflow_statue_of_worship,
          nicolae_nh_oracle_at_delphi
D:4:      layout_basic, feat_on_display
D:5:      layout_loops_ring, amcnicky_mini_rare_corridor_liquid, uniq_sigmund
D:6:      layout_gridville, minmay_temple_entry_junction_2
D:7:      layout_basic
D:8:      layout_loops_cross, special_room [special_room_orc],
          kennysheep_generic_room_3
Temple:   nicolae_temple_slightly_damp_pantheon

Skill      XL: |  1  2  3  4  5  6  7  8  9 |
---------------+----------------------------+-----
Shields        | 3 4 5 6 |  6.8
Dodging        | 3 |  3.2
Fighting       | 3 4 6 |  6.2
Unarmed Combat | 3 4 5 6 7 |  7.1

Action                     |  1- 3 |  4- 6 |  7- 9 || total
---------------------------+-------+-------+-------++-------
  Melee: Unarmed           |   139 |   114 |   223 ||   476
Ability: Lunge             |       |       |     9 ||     9
         Whirlwind         |       |       |     1 ||     1
  Evoke: Wand              |       |       |     6 ||     6
    Use: Potion            |       |     1 |     1 ||     2
         Scroll            |       |       |     2 ||     2
 Armour: Robe              |    36 |    39 |    40 ||   115
  Dodge: Dodged            |    49 |    45 |    95 ||   189
  Block: Kite shield       |    60 |    54 |   103 ||   217
